 Dungeon Crawl Stone Soup version 0.30.1-11-g7821555f0a (webtiles) character file.

Game seed: 11184721324822604537

923 Okkudo the Cleaver (level 8, -1/73 HPs)
             Began as a Hill Orc Monk on Nov 29, 2023.
             Was a Believer of Beogh.
             Slain by a two-headed ogre
             ... wielding a +0 giant spiked club
              (22 damage)
             ... on level 5 of the Dungeon.
             The game lasted 00:13:12 (3200 turns).

Okkudo the Cleaver (Hill Orc Monk)                  Turns: 3200, Time: 00:13:13

Health: -1/73      AC: 10    Str: 16    XL:     8   Next: 10%
Magic:  8/8        EV:  8    Int: 10    God:    Beogh [**....]
Gold:   214        SH:  0    Dex: 13    Spells: 7/7 levels left

rFire   . . .        a - +0 hand axe
rCold   . . .        d - orb {light}
rNeg    . . .        r - +0 chain mail
rPois   .            t - +0 helmet
rElec   .            h - +0 cloak
rCorr   .            (no gloves)
SInv    .            (no boots)
Will    .....        g - amulet of regeneration Stlth
                     (no ring)
HPRegen 1.12/turn    (no ring)
MPRegen 0.11/turn

%: no passive effects
@: glowing
A: no striking features
a: Renounce Religion, Smiting


You were on level 5 of the Dungeon.
You worshipped Beogh.
Beogh was pleased with you.
You visited 1 branch of the dungeon, and saw 5 of its levels.

You collected 214 gold pieces.

Inventory:

Hand Weapons
 a - a +0 hand axe (weapon)
Missiles
 q - 10 poisoned darts (quivered)
Armour
 d - an orb of light (worn)
 h - a +0 cloak (worn)
 r - a +0 chain mail (worn)
 t - a +0 helmet (worn)
Jewellery
 g - an amulet of regeneration (around neck)
Scrolls
 b - a scroll of enchant armour
 f - a scroll of immolation
 i - a scroll of vulnerability
 j - a scroll of poison
 k - a scroll of torment {unknown}
 l - a scroll of fear
 m - 2 scrolls of amnesia {unknown}
 n - a scroll of silence {unknown}
 o - a scroll of butterflies
 p - a scroll of brand weapon {unknown}
Potions
 c - a potion of ambrosia
 e - a potion of mutation {unknown}
 s - a potion of cancellation {unknown}
 u - 3 potions of brilliance {unknown}
 v - a potion of attraction {unknown}
 w - a potion of invisibility {unknown}
 x - a potion of curing


   Skills:
 + Level 7.2 Fighting
 * Level 8.0 Axes
 + Level 0.6 Armour
 - Level 4.7 Dodging
 + Level 0.8 Invocations


You had 7 spell levels left.
You didn't know any spells.
Your spell library contained the following spells:

 Spells                   Type           Power      Damage    Failure   Level
 Beastly Appendage        Tmut           0%         N/A       99%         1
 Shock                    Conj/Air       0%         1d3       99%         1
 Summon Small Mammal      Summ           0%         N/A       99%         1
 Sublimation of Blood     Necr           0%         N/A       100%        2
 Wereblood                Tmut           0%         N/A       100%        2
 Call Canine Familiar     Summ           0%         N/A       100%        3
 Spider Form              Tmut/Pois      0%         N/A       100%        3
 Summon Guardian Golem    Hex/Summ       0%         N/A       100%        3
 Swiftness                Air            0%         N/A       100%        3
 Airstrike                Air            0%         2d(0-16)  100%        4
 Summon Hydra             Summ           0%         N/A       100%        7


Dungeon Overview and Level Annotations

Branches:
Dungeon (5/15)
 Temple: D:4-7

Altars:
Elyvilon
Kikubaaqudgha
Uskayaw

Shops:
D:2 :


Message History

The gnoll is almost dead.
You hit the gnoll.
You kill the gnoll!
Beogh accepts your kill.
Your Axes skill increases to level 8!
u - 3 golden potions (gained 1)
Things that are here:
a +0 spear; a gnoll corpse A two-headed ogre comes into view.
It is wielding two +0 giant spiked clubs.
The two-headed ogre shouts in stereo!
x - a potion of curing
Found a hat.
The two-headed ogre hits you with a +0 giant spiked club!
The two-headed ogre closely misses you.
You hit the two-headed ogre.
The two-headed ogre is lightly wounded.
The two-headed ogre closely misses you. The two-headed ogre barely misses you.
You slash the two-headed ogre!
The two-headed ogre is lightly wounded.
You hit the two-headed ogre.
The two-headed ogre is moderately wounded.
The two-headed ogre barely misses you.
The two-headed ogre hits you with a +0 giant spiked club!!
You slash the two-headed ogre!
The two-headed ogre is moderately wounded.
You hit the two-headed ogre.
The two-headed ogre is heavily wounded.
The two-headed ogre closely misses you. The two-headed ogre barely misses you.
You hit the two-headed ogre but do no damage.
The two-headed ogre is moderately wounded.
The two-headed ogre hits you but does no damage.
The two-headed ogre hits you with a +0 giant spiked club!
You hit the two-headed ogre.
The two-headed ogre is heavily wounded.
You hit the two-headed ogre.
The two-headed ogre is heavily wounded.
The two-headed ogre hits you with a +0 giant spiked club!
* * * LOW HITPOINT WARNING * * *
The two-headed ogre hits you with a +0 giant spiked club!!
You die...

##8##♣.♣##8##..##.....#....
##...##.##...##.##.....#....
#_.#.......#._#.##.....####+
##...##♣##...##..........
##8## ##8##........... ###
###............
#.....##'##### #.....##...
#@..........
......O.............
...!..#.............
[.....#............. .....
############ #####


You could see a two-headed ogre.

Vanquished Creatures
  Sigmund (D:3)
  2 ice beasts (D:5)
  A centaur (D:5)
  2 scorpions
  3 hounds (D:4)
  Jessica (D:2)
  2 iguanas
  3 orc wizards (D:2)
  Robin (D:4)
  3 adders
  2 gnolls (D:5)
  A shadow imp (D:5)
  2 ufetubi
  A worm (D:3)
  7 dart slugs
  2 orcs (D:2)
  9 endoplasms
  5 giant cockroaches
  13 goblins
  7 hobgoblins
  3 quokkas
  7 ball pythons
  3 bats
  5 frilled lizards
  5 kobolds
  4 rats
95 creatures vanquished.

Notes
Turn   | Place    | Note
-------+----------+-------------------------------------------
     0 | D:1      | Okkudo the Hill Orc Monk began the quest for the Orb.
     0 | D:1      | Reached XP level 1. HP: 19/19 MP: 1/1
   133 | D:1      | Reached XP level 2. HP: 27/27 MP: 2/2
   702 | D:1      | Reached XP level 3. HP: 33/33 MP: 3/3
   883 | D:2      | Reached skill level 5 in Axes
   883 | D:2      | Reached XP level 4. HP: 37/41 MP: 4/4
   993 | D:2      | Found Laygh's Book Boutique.
  1013 | D:2      | Reached XP level 5. HP: 47/47 MP: 5/5
  1032 | D:2      | Noticed Jessica
  1035 | D:2      | Killed Jessica
  1036 | D:2      | Reached skill level 5 in Fighting
  1696 | D:3      | Found a hide-covered altar of Uskayaw.
  1915 | D:3      | Noticed Sigmund
  1931 | D:3      | Killed Sigmund
  1932 | D:3      | Reached skill level 6 in Axes
  1932 | D:3      | Reached XP level 6. HP: 57/57 MP: 6/6
  2284 | D:4      | Noticed Robin
  2311 | D:4      | Reached XP level 7. HP: 63/63 MP: 7/7
  2328 | D:4      | Killed Robin
  2632 | D:4      | Reached skill level 7 in Axes
  2699 | D:5      | Entered Level 5 of the Dungeon
  2831 | D:5      | Became a worshipper of Beogh the Brigand
  2831 | D:5      | Reached * piety under Beogh
  2831 | D:5      | Reached ** piety under Beogh
  3066 | D:5      | Reached XP level 8. HP: 58/73 MP: 8/8
  3104 | D:5      | Found an ancient bone altar of Kikubaaqudgha.
  3115 | D:5      | Found a white marble altar of Elyvilon.
  3167 | D:5      | Reached skill level 8 in Axes
  3187 | D:5      | Noticed a two-headed ogre
  3200 | D:5      | Slain by a two-headed ogre

Illustrated notes

Levels and vault maps discovered:
D:1:      minmay_arrival_jagged, layout_basic
D:2:      layout_loops_ring, serial_shops, shop, uniq_jessica
D:3:      layout_rooms, nicolae_uskayaw_murder_on_the_dancefloor, uniq_sigmund
D:4:      nicolae_cairo_tiling_large_dashed, layout_rooms, grunt_decor_cap,
          uniq_robin
D:5:      layout_gridville, amethyst_overflow_temple_binary, serial_shops,
          kennysheep_little_box, minmay_misc_feat_x

Skill      XL: |  1  2  3  4  5  6  7  8 |
---------------+-------------------------+-----
Fighting       | 4 5 6 7 |  7.2
Axes           | 5 6 7 8 |  8.0
Dodging        | 3 4 |  4.7
Armour         | |  0.6
Invocations    | |  0.8

Action                     |  1- 3 |  4- 6 |  7- 9 || total
---------------------------+-------+-------+-------++-------
  Melee: Hand axe          |    67 |   143 |   122 ||   332
  Throw: Dart              |       |       |     1 ||     1
 Invoke: Convert to Beogh  |       |       |     1 ||     1
    Use: Potion            |       |     1 |       ||     1
         Scroll            |       |       |     8 ||     8
 Armour: Robe              |    26 |     4 |       ||    30
         Ring mail         |       |    18 |       ||    18
         Chain mail        |       |    27 |    84 ||   111
  Dodge: Dodged            |    54 |    61 |    62 ||   177
